 Dungeon Crawl Stone Soup version 0.21.0-26-g889b8f6 (webtiles) character file.

62 lydgate the Stinger (level 4, 0/24 HPs)
             Began as a Gargoyle Venom Mage on Jan 28, 2018.
             Slain by an adder (3 damage)
             ... on level 2 of the Dungeon.
             The game lasted 00:11:03 (1964 turns).

lydgate the Stinger (Gargoyle Venom Mage)           Turns: 1964, Time: 00:11:04

Health: 0/24       AC:  5    Str: 12    XL:     4   Next: 8%
Magic:  0/7        EV: 12    Int: 16    God:
Gold:   95         SH:  0    Dex: 10    Spells: 4/7 levels left

rFire    . . .     SeeInvis .   f - +1 club
rCold    . . .     Gourm    .   (no shield)
rNeg     + . .     Faith    .   e - +0 robe
rPois    ∞         Spirit   .   (no helmet)
rElec    +         Reflect  .   (no cloak)
rCorr    .         Harm     .   (no gloves)
MR       .....                  (no boots)
Stlth    ++........             (no amulet)
HPRegen  0.08/turn              (no ring)
MPRegen  0.10/turn              (no ring)

@: very slightly contaminated
A: negative energy resistance 1, electricity resistance, unbreathing,
petrification resistance, rot immunity, AC +3
a: no special abilities


You were on level 2 of the Dungeon.
You were not hungry.

You visited 1 branch of the dungeon, and saw 2 of its levels.

You collected 95 gold pieces.

Inventory:

Hand Weapons
 f - a +1 club (weapon)
 j - a +0 whip of electrocution
Armour
 a - a +0 robe
 e - a +0 robe (worn)
 k - a +2 robe of magic resistance
Books
 b - a Young Poisoner's Handbook

   Spells                             Type                      Level
   a - Sting                          Conjuration/Poison           1
   b - Poisonous Vapours              Poison/Air                   2
   c - Mephitic Cloud                 Conjuration/Poison/Air       3
   d - Olgreb's Toxic Radiance        Poison                       4
   e - Venom Bolt                     Conjuration/Poison           5
Comestibles
 c - 3 rations


   Skills:
 - Level 1.6 Dodging
 - Level 2.2 Stealth
 + Level 2.4 Spellcasting
 + Level 2.0 Conjurations
 + Level 1.0 Air Magic
 + Level 3.8 Poison Magic


You had 4 spell levels left.
You knew the following spells:

 Your Spells              Type           Power        Failure   Level  Hunger
a - Sting                 Conj/Pois      ##..         6%          1    #......
b - Poisonous Vapours     Pois/Air       #.....       11%         2    ###....


Dungeon Overview and Level Annotations

Branches:
Dungeon (2/15)

Altars:
Makhleb


Innate Abilities, Weirdness & Mutations

You are resistant to torment.
Your stone body is resilient. (AC +3)
You are immune to poison.
You resist negative energy. (rN+)
You are resistant to electric shocks. (rElec)
You can survive without breathing.
You are immune to petrification.
You are immune to rotting.


Message History

The adder bites you.
* * * LOW HITPOINT WARNING * * *
The adder bites you.
* * * LOW HITPOINT WARNING * * *
As you read the scroll labeled VENLEQE SOTUM, it crumbles to dust.
You feel aware of your surroundings.
It was a scroll of magic mapping.
The adder bites you but does no damage.
As you read the scroll labeled ENACACS PEHE, it crumbles to dust.
It is a scroll of enchant weapon.
Your +0 club glows red for a moment.
The adder completely misses you. The adder barely misses you.
The adder closely misses you. The adder barely misses you.
Casting: Sting
Confirm with . or Enter, or press ? or * to list all spells.
Aiming: Sting
Press: ? - help, Shift-Dir - straight line, f/p - adder
Aim: an adder (severely wounded)
The sting misses the adder.
The adder bites you.
You die...

##### ....# ###.#
#.###############
#.......#.....@.#
#..####.#.#####S#
##..####.#.# #.#
##..........# #.#
.......##.### #.#
##...#.##.# #.#
##...#.##.# #.#
.....#.##.### #.#
#.##.#.##...#
#.####


You could see an adder.

Vanquished Creatures
  3 adders (D:2)
  3 dart slugs
  3 bats
  2 giant cockroaches
  3 goblins
  3 hobgoblins
  2 jackals (D:2)
  4 kobolds (D:1)
  A ball python (D:1)
  2 frilled lizards (D:1)
  3 rats (D:2)
29 creatures vanquished.

Notes
Turn   | Place    | Note
-------+----------+-------------------------------------------
     0 | D:1      | lydgate the Gargoyle Venom Mage began the quest for the Orb.
     0 | D:1      | Reached XP level 1. HP: 10/10 MP: 3/3
   190 | D:1      | Reached XP level 2. HP: 5/15 MP: 0/5
   400 | D:1      | Learned a level 2 spell: Poisonous Vapours
  1097 | D:2      | Reached XP level 3. HP: 18/19 MP: 2/6
  1432 | D:2      | Reached XP level 4. HP: 24/24 MP: 4/7
  1658 | D:2      | Found a burning altar of Makhleb.
  1897 | D:2      | Reached skill level 1 in Air Magic
  1964 | D:2      | Slain by an adder

Skill      XL: |  1  2  3  4 |
---------------+-------------+-----
Conjurations   | 2 |  2.0
Air Magic      | 1 |  1.0
Dodging        | |  1.6
Stealth        | |  2.2
Spellcasting   | |  2.4
Poison Magic   | |  3.8

Action                   |  1- 3 |  4- 6 || total
-------------------------+-------+-------++-------
Melee: Unarmed           |    36 |       ||    36
       Club              |     7 |    14 ||    21
 Cast: Sting             |    25 |     9 ||    34
       Poisonous Vapours |    18 |     4 ||    22
  Use: Scroll            |       |     3 ||     3
  Eat: Chunk             |     3 |     2 ||     5
Armor: Robe              |    18 |    11 ||    29
Dodge: Dodged            |    45 |    23 ||    68
